 Dungeon Crawl Stone Soup version 0.31-a0-355-g57cb03d3e8 (webtiles) character file.

Game seed: 1263237081394363334

5584 cforsyth the Prestidigitator (level 10, 0/76 HPs)
             Began as a Gnoll Artificer on July 24, 2023.
             Was a Believer of Okawaru.
             Slain by a shadow (23 damage)
             ... on level 9 of the Dungeon.
             The game lasted 00:21:53 (12259 turns).

cforsyth the Prestidigitator (Gnoll Artificer)     Turns: 12259, Time: 00:21:53

Health: 0/76       AC:  5    Str: 12    XL:     10   Next: 72%
Magic:  18/18      EV: 14    Int: 15    God:    Okawaru [**....]
Gold:   467        SH:  0    Dex: 12    Spells: 16/20 levels left

rFire   . . .        D - +2 long sword (pain)
rCold   . . .        (no shield)
rNeg    . . .        s - +1 robe {Will+}
rPois   .            (no helmet)
rElec   .            B - +1 cloak
rCorr   .            (no gloves)
SInv    .            (no boots)
Will    +....        (no amulet)
Stlth   +++          (no ring)
HPRegen 0.32/turn    (no ring)
MPRegen 0.16/turn

%: no passive effects
@: no status effects
A: fangs 1, strong nose, distributed training
a: Renounce Religion, Heroism


You were on level 9 of the Dungeon.
You worshipped Okawaru.
Okawaru was pleased with you.
You visited 2 branches of the dungeon, and saw 10 of its levels.

You collected 467 gold pieces.

Inventory:

Hand Weapons
 a - a +0 club
 c - a +1 flail
 o - a +4 dagger
 D - a +2 long sword of pain (weapon)
Missiles
 k - a throwing net
Armour
 b - a +0 leather armour
 s - a +1 robe of willpower (worn)
 B - a +1 cloak (worn)
 E - +0 swamp dragon scales
 J - a +2 robe of fire resistance
Jewellery
 t - an amulet of faith
Wands
 d - a wand of charming (15)
 e - a wand of iceblast (4)
 m - a wand of mindburst (7)
 y - a wand of paralysis (23)
 K - a wand of polymorph (8)
Scrolls
 f - 2 scrolls of blinking {unknown}
 g - 2 scrolls of fear {unknown}
 h - 2 scrolls of enchant weapon {unknown}
 i - a scroll of vulnerability {unknown}
 j - a scroll of teleportation {unknown}
 p - a scroll of revelation {unknown}
 q - 3 scrolls of poison {unknown}
 w - a scroll of butterflies {unknown}
 z - 2 scrolls of enchant armour {unknown}
 C - 2 scrolls of immolation {unknown}
 F - a scroll of amnesia {unknown}
 H - a scroll of fog {unknown}
 I - a scroll of torment {unknown}
Potions
 l - a potion of mutation
 n - a potion of curing
 r - a potion of attraction
 u - a potion of invisibility
 v - 2 potions of haste
 x - a potion of cancellation
 A - a potion of lignification {unknown}
 G - a potion of might {unknown}


   Skills:
 + Level 6.2 Fighting
 + Level 5.6 Short Blades
 + Level 5.6 Long Blades
 + Level 5.6 Axes
 + Level 5.6 Maces & Flails
 + Level 5.6 Polearms
 + Level 5.6 Staves
 + Level 5.6 Ranged Weapons
 + Level 5.6 Throwing
 + Level 7.3 Armour
 + Level 6.2 Dodging
 + Level 6.2 Stealth
 + Level 5.6 Shields
 + Level 5.6 Unarmed Combat
 + Level 5.6 Spellcasting
 + Level 4.6 Conjurations
 + Level 4.6 Hexes
 + Level 4.6 Summonings
 + Level 4.6 Necromancy
 + Level 4.6 Translocations
 + Level 4.6 Transmutations
 + Level 4.6 Fire Magic
 + Level 4.6 Ice Magic
 + Level 4.6 Air Magic
 + Level 4.6 Earth Magic
 + Level 4.6 Poison Magic
 + Level 6.2 Invocations
 + Level 8.7 Evocations
 + Level 4.6 Shapeshifting


You had 16 spell levels left.
You knew the following spells:

 Your Spells              Type           Power      Damage    Failure   Level
a - Olgreb's Toxic Radia  Pois           18%        N/A       22%         4

Your spell library contained the following spells:

 Spells                   Type           Power      Damage    Failure   Level
 Sting                    Tmut/Pois      72%        1d6       2%          1
 Cigotuvi's Dreadful Rot  Necr/Pois/Air  36%        N/A       3%          2
 Poisonous Vapours        Pois/Air       36%        N/A       3%          2
 Inner Flame              Hex/Fire       18%        N/A       7%          3
 Vhi's Electric Charge    Tloc/Air       36%        N/A       7%          3
 Flame Wave               Conj/Fire      18%        2d7       22%         4
 Sticky Flame             Conj/Fire      18%        2d4       22%         4
 Arcjolt                  Conj/Air       9%         1d19      52%         5
 Maxwell's Capacitive Co  Air            9%         ∞         100%        8
 Summon Lightning Spire   Summ/Air       Unusable   N/A       N/A         4
 Simulacrum               Ice/Necr       Unusable   N/A       N/A         6
 Malign Gateway           Summ/Tloc      Unusable   N/A       N/A         7
 Summon Horrible Things   Summ           Unusable   N/A       N/A         8

Dungeon Overview and Level Annotations

Branches:
Dungeon (9/15)             Temple (1/1) D:7
   Lair: D:8-11         Orc: D:9-12

Altars:
Ashenzari
Cheibriados
Dithmenos
Elyvilon
Fedhas
Kikubaaqudgha
Makhleb
Nemelex Xobeh
Okawaru
Qazlal
Ru
Sif Muna
Trog
Uskayaw
Vehumet
Wu Jian
Yredelemnul
Zin

Shops:
D:1 *   D:8 (

Annotations:
D:3 1 runed translucent door, Crazy Yiuf
D:7 3 runed translucent doors, bmack86's ghost, novice MiFi


Innate Abilities, Weirdness & Mutations

You have very sharp teeth.
Your uncanny sense of smell can sniff out nearby items.
Your experience applies equally to all skills.


Message History

There are monsters nearby!
You barely miss the shadow. The shadow hits you.
You slash the shadow!
The shadow is moderately damaged.
The shadow misses you.
You slash the shadow!
The shadow is severely damaged.
The shadow slips into darkness.
The shadow flickers and vanishes!
Deactivating autopickup; reactivate with Ctrl-A.
No target in view!
No target in view!
No target in view!
No target in view!
No target in view!
No target in view!
No target in view!
You miss something.
The shadow strikes at you from the darkness!
Reactivating autopickup.
The shadow slips into darkness.
The shadow flickers and vanishes!
Deactivating autopickup; reactivate with Ctrl-A.
You hit something but do no damage.
The shadow strikes at you from the darkness!
* * * LOW HITPOINT WARNING * * *
Reactivating autopickup.
You hit the shadow.
The shadow is almost destroyed.
The shadow closely misses you.
You hit the shadow but do no damage.
The shadow is almost destroyed.
The shadow slips into darkness.
The shadow flickers and vanishes!
Deactivating autopickup; reactivate with Ctrl-A.
Aiming: Mindburst
Press: ? - help, Shift-Dir - straight line Nothing appears to happen.
The shadow strikes at you from the darkness!
You die...

########################
#.....{@................
.......#######.............
....... #...##########
......W #...'.........
....... #...#..)......
....... #...#.........
....... #...#......###
...h... #...#......#..
.###.##....#..


There were no monsters in sight!

Vanquished Creatures
  A boulder beetle (D:8)
  Maggie (D:6)
  A queen bee (D:8)
  Prince Ribbit (D:6)
  A wyvern (D:8)
  4 yaks (D:7)
  Eustachio (D:5)
  Duvessa (D:7)
  2 sky beasts
  2 orc warriors
  2 ice beasts
  2 black bears
  An ogre (D:5)
  2 phantoms (D:5)
  Blork the orc (D:6)
  2 bullfrogs
  A gnoll sergeant (D:9)
  A scorpion (D:5)
  Dowan (D:7)
  5 wights
  15 killer bees (D:8)
  2 quasits (D:6)
  2 jellies
  3 orc priests
  6 hounds
  Jessica (D:3)
  2 gnoll boudas
  A sleepcap (D:8)
  6 iguanas
  5 orc wizards
  9 gnolls
  8 adders
  5 shadow imps
  2 white imps
  4 ufetubi (D:5)
  A dart slug (D:5)
  13 orcs
  7 endoplasms
  7 giant cockroaches
  8 goblins
  4 hobgoblins
  9 jackals
  2 kobolds (D:2)
  4 quokkas
  10 ball pythons
  3 bats
  5 frilled lizards
  5 rats
182 creatures vanquished.

Vanquished Creatures (others)
  An orc wizard (D:8)
1 creature vanquished.

Grand Total: 183 creatures vanquished

Notes
Turn   | Place    | Note
-------+----------+-------------------------------------------
     0 | D:1      | cforsyth the Gnoll Artificer began the quest for the Orb.
     0 | D:1      | Reached XP level 1. HP: 17/17 MP: 1/1
   279 | D:1      | Reached XP level 2. HP: 23/23 MP: 2/2
   394 | D:1      | You fall into a shaft and drop 1 floor!
   843 | D:1      | Found Jodeffar's General Store.
  1048 | D:2      | Reached XP level 3. HP: 28/28 MP: 2/4
  1188 | D:2      | Reached skill level 1 in Invocations
  1396 | D:2      | Reached skill level 1 in Short Blades
  1396 | D:2      | Reached skill level 1 in Long Blades
  1396 | D:2      | Reached skill level 1 in Axes
  1396 | D:2      | Reached skill level 1 in Maces & Flails
  1396 | D:2      | Reached skill level 1 in Polearms
  1396 | D:2      | Reached skill level 1 in Staves
  1396 | D:2      | Reached skill level 1 in Ranged Weapons
  1396 | D:2      | Reached skill level 1 in Throwing
  1396 | D:2      | Reached skill level 1 in Shields
  1396 | D:2      | Reached skill level 1 in Unarmed Combat
  1396 | D:2      | Reached skill level 1 in Spellcasting
  1647 | D:2      | Reached XP level 4. HP: 26/34 MP: 5/5
  1927 | D:2      | Found a snail-covered altar of Cheibriados.
  1939 | D:2      | Got the Writings on Pneumatic Darkness
  2213 | D:3      | Reached skill level 1 in Conjurations
  2213 | D:3      | Reached skill level 1 in Hexes
  2213 | D:3      | Reached skill level 1 in Summonings
  2213 | D:3      | Reached skill level 1 in Necromancy
  2213 | D:3      | Reached skill level 1 in Translocations
  2213 | D:3      | Reached skill level 1 in Transmutations
  2213 | D:3      | Reached skill level 1 in Fire Magic
  2213 | D:3      | Reached skill level 1 in Ice Magic
  2213 | D:3      | Reached skill level 1 in Air Magic
  2213 | D:3      | Reached skill level 1 in Earth Magic
  2213 | D:3      | Reached skill level 1 in Poison Magic
  2213 | D:3      | Reached skill level 1 in Shapeshifting
  2373 | D:3      | Found a runed translucent door.
  2374 | D:3      | Noticed Crazy Yiuf
  2469 | D:3      | Noticed Jessica
  2481 | D:3      | Killed Jessica
  2482 | D:3      | Reached XP level 5. HP: 31/40 MP: 5/7
  3795 | D:4      | Reached XP level 6. HP: 26/47 MP: 8/8
  3818 | D:4      | HP: 2/47 [iguana (3)]
  3822 | D:4      | Reached skill level 5 in Armour
  4110 | D:5      | Entered Level 5 of the Dungeon
  4295 | D:5      | Noticed an ice beast
  4300 | D:5      | Killed an ice beast
  4301 | D:5      | Reached skill level 7 in Evocations
  4301 | D:5      | Reached XP level 7. HP: 39/52 MP: 10/10
  4415 | D:5      | Noticed Eustachio
  4709 | D:5      | Found a sparkling altar of Nemelex Xobeh.
  4816 | D:5      | Killed Eustachio
  4817 | D:5      | Reached XP level 8. HP: 49/60 MP: 12/12
  5054 | D:5      | Found a burning altar of Makhleb.
  5054 | D:5      | Noticed a balrug
  5057 | D:5      | Noticed a ynoxinul
  6191 | D:6      | Noticed Maggie
  6570 | D:6      | Noticed Prince Ribbit
  6587 | D:6      | Killed Prince Ribbit
  6974 | D:6      | Reached XP level 9. HP: 35/64 MP: 14/14
  7304 | D:6      | Killed Maggie
  7445 | D:5      | Reached skill level 5 in Fighting
  7445 | D:5      | Reached skill level 5 in Dodging
  7552 | D:6      | Noticed Blork the orc
  7731 | D:6      | Killed Blork the orc
  7732 | D:6      | Reached skill level 5 in Stealth
  7961 | D:6      | Reached skill level 8 in Evocations
  8529 | D:7      | Found a staircase to the Ecumenical Temple.
  8614 | Temple   | Entered the Ecumenical Temple
  8621 | Temple   | Became a worshipper of Warmaster Okawaru
  8627 | Temple   | Learned a level 4 spell: Olgreb's Toxic Radiance
  8661 | D:7      | Reached skill level 5 in Invocations
  8766 | D:7      | Found a runed translucent gate.
  8767 | D:7      | Found a runed translucent gate.
  8767 | D:7      | Found a runed translucent gate.
  8769 | D:7      | Noticed bmack86's ghost (novice MiFi)
  8874 | D:7      | Noticed Duvessa
  8891 | D:7      | Killed Duvessa
  9132 | D:7      | Reached * piety under Okawaru
  9133 | D:7      | Reached XP level 10. HP: 38/75 MP: 5/17
  9567 | D:7      | Noticed Dowan
  9575 | D:7      | Killed Dowan
  9714 | D:8      | Reached skill level 5 in Short Blades
  9714 | D:8      | Reached skill level 5 in Long Blades
  9714 | D:8      | Reached skill level 5 in Axes
  9714 | D:8      | Reached skill level 5 in Maces & Flails
  9714 | D:8      | Reached skill level 5 in Polearms
  9714 | D:8      | Reached skill level 5 in Staves
  9714 | D:8      | Reached skill level 5 in Ranged Weapons
  9714 | D:8      | Reached skill level 5 in Throwing
  9714 | D:8      | Reached skill level 5 in Shields
  9714 | D:8      | Reached skill level 5 in Unarmed Combat
  9714 | D:8      | Reached skill level 5 in Spellcasting
 10056 | D:8      | Found Aclutz's Weapon Boutique.
 10179 | D:8      | Found a shadowy altar of Dithmenos.
 10635 | D:8      | Noticed a boulder beetle
 10645 | D:8      | Killed a boulder beetle
 11002 | D:8      | Reached ** piety under Okawaru
 11620 | D:9      | Found a white marble altar of Elyvilon.
 11705 | D:9      | HP: 3/76 [gnoll/+0 spear[a gnoll sergeant] (6)]
 11707 | D:9      | HP: 1/76 [poisoned by miscasting Olgreb's Toxic Radiance]
 11987 | D:9      | Found a sacrificial altar of Ru.
 12259 | D:9      | Slain by a shadow

Illustrated notes

Levels and vault maps discovered:
D:1:      matt_arrival_spirals, layout_basic, serial_shops, shop
D:2:      layout_basic, basic_altar
D:3:      layout_basic, serial_forest, infiniplex_forest_clump_double,
          infiniplex_forest_straight_4, infiniplex_forest_straight_1,
          infiniplex_forest_straight_5, infiniplex_forest_pool,
          infiniplex_forest_pool, infiniplex_forest_lined_2,
          uniq_crazy_yiuf_cottage, uniq_jessica
D:4:      layout_layer_cave
D:5:      layout_cave_pools, nemelex_dance_club_becter,
          makhleb_altar_promises_db, uniq_eustachio
D:6:      layout_cave_pools, serial_demonic, serial_demonic_b, serial_demonic_f,
          serial_demonic_a, serial_demonic_b, dreamdust_princess_corridor,
          uniq_prince_ribbit1, uniq_maggie, uniq_blork_the_orc
D:7:      layout_basic, minmay_temple_entry_purple_smoke,
          ebering_ghost_rock_garden, serial_rivers,
          chequers_serial_rivers_micro_c, chequers_serial_rivers_large_a,
          chequers_serial_rivers_small_3, chequers_serial_rivers_micro_a,
          chequers_serial_rivers_small_a, uniq_duvessa
D:8:      layout_basic, kennysheep_little_box, serial_shops,
          nicolae_shop_tiny_real_fake_doors, nicolae_looking_at_the_future
D:9:      lemuel_ice_statue, layout_irregular_city,
          mainiacjoe_overflow_cross_hatched,
          mainiacjoe_overflow_small_starburst, amethyst_overflow_temple_binary,
          corexii_checkpoint_a, nicolae_concentric_dashed_squares_mild
Temple:   hellmonk_temple_forest_ring

Skill      XL: |  1  2  3  4  5  6  7  8  9 10 |
---------------+-------------------------------+-----
Invocations    | 1 2 3 4 5 6 |  6.2
Short Blades   | 1 2 3 4 5 |  5.6
Long Blades    | 1 2 3 4 5 |  5.6
Axes           | 1 2 3 4 5 |  5.6
Maces & Flails | 1 2 3 4 5 |  5.6
Polearms       | 1 2 3 4 5 |  5.6
Staves         | 1 2 3 4 5 |  5.6
Ranged Weapons | 1 2 3 4 5 |  5.6
Throwing       | 1 2 3 4 5 |  5.6
Shields        | 1 2 3 4 5 |  5.6
Unarmed Combat | 1 2 3 4 5 |  5.6
Spellcasting   | 1 2 3 4 5 |  5.6
Conjurations   | 1 2 3 4 |  4.6
Hexes          | 1 2 3 4 |  4.6
Summonings     | 1 2 3 4 |  4.6
Necromancy     | 1 2 3 4 |  4.6
Translocations | 1 2 3 4 |  4.6
Transmutations | 1 2 3 4 |  4.6
Fire Magic     | 1 2 3 4 |  4.6
Ice Magic      | 1 2 3 4 |  4.6
Air Magic      | 1 2 3 4 |  4.6
Earth Magic    | 1 2 3 4 |  4.6
Poison Magic   | 1 2 3 4 |  4.6
Shapeshifting  | 1 2 3 4 |  4.6
Fighting       | 3 4 5 6 |  6.2
Dodging        | 3 4 5 6 |  6.2
Stealth        | 3 4 5 6 |  6.2
Armour         | 5 6 7 |  7.3
Evocations     | 7 8 |  8.7

Action                     |  1- 3 |  4- 6 |  7- 9 | 10-12 || total
---------------------------+-------+-------+-------+-------++-------
  Melee: Club              |   176 |    13 |       |       ||   189
         Bite              |    13 |    20 |    37 |     9 ||    79
         Punch             |     1 |     4 |    14 |     5 ||    24
         Dagger            |       |   184 |   282 |       ||   466
         Long sword        |       |       |   104 |   108 ||   212
   Cast: Olgreb's Toxic Ra |       |       |     4 |    15 ||    19
  Evoke: Wand              |       |     8 |    17 |     4 ||    29
    Use: Scroll            |       |       |     5 |     2 ||     7
         Potion            |       |       |       |     4 ||     4
   Stab: Sleeping          |     7 |     7 |     3 |     1 ||    18
 Armour: Leather armour    |    54 |    25 |       |       ||    79
         Robe              |       |    21 |    85 |    19 ||   125
  Dodge: Dodged            |   137 |   116 |   260 |    94 ||   607

Table legend: (Time is in decaauts)
 A = Elapsed time spent in this place.
 B = Non-inter-level travel time spent in this place.
 C = Inter-level travel time spent in this place.
 D = Time resting spent in this place.
 E = Time spent auto-exploring this place.
 F = Levels seen in this place.
 G = Mean time per level.
                   A        B        C        D        E       F      G
               +--------+--------+--------+--------+--------+-----+--------+
         Total |  12318 |  11893 |    425 |   2323 |   7215 |  10 | 1231.8 |
       Dungeon |  12299 |  11880 |    419 |   2323 |   7215 |   9 | 1366.6 |
        Temple |     18 |     12 |      6 |      0 |      0 |   1 |   18.0 |
               +--------+--------+--------+--------+--------+-----+--------+

Top non-repeatable levels by time:
     D:5: 2269 daAuts
     D:8: 1700 daAuts
     D:6: 1662 daAuts
     D:7: 1452 daAuts
     D:4: 1284 daAuts
     D:2: 1081 daAuts
     D:1: 1054 daAuts
     D:3: 927 daAuts
     D:9: 867 daAuts
  Temple: 18 daAuts
